Map: Ascension to Aiur LE

Players

McSteezman - Winner!

  • Race: Terran Terran
  • League: Gold
  • Spawn Location: 11:00

Juxtapose

  • Race: Protoss Protoss
  • League: Gold
  • Spawn Location: 5:00

VOD

https://youtu.be/uLaYdrISagg

Description

Once again, my early game performance with Protoss is poor; I just never have enough units in time.

I'm confident I'm getting my early gas, and perhaps a few additional Pylons, too early when I should instead be getting Zealots or Adepts.

I need to play around more with this. I was able to hold on a bit though, at least.

Time

  • Played on: Dec. 26, 2017, 7:58 p.m.
  • Length: 11:22
Show
View Real Time Build Order
Export as new Build Order

McSteezman Terran - Winner!

Build Orders:  

Get SALT Encoding   

  12  0:01  SCV  
  13  0:13  SCV  
  14  0:22  Supply Depot  
  14  0:25  SCV  
  15  0:43  SCV  
  15  0:46  Barracks  
  16  0:53  Refinery  
  16  0:55  SCV  
  17  1:06  Barracks  
  17  1:07  SCV  
  18  1:17  Barracks  
  18  1:20  SCV  
  19  1:34  Marine, Supply Depot  
  20  1:45  Orbital Command  
  20  1:52  Marine  
  21  1:54  Barracks Tech Lab  
  21  2:05  Supply Depot  
  21  2:09  Barracks Reactor  
  21  2:13  Barracks Tech Lab  
  21  2:14  Marine  
  22  2:21  SCV  
  23  2:32  Stimpack  
  23  2:33  Marine  
  23  2:34  Marine  
  25  2:39  Supply Depot  
  25  2:45  Marine  
  25  2:46  Marine  
  27  2:51  Marine  
  27  2:52  Marine  
  29  3:03  Marine  
  29  3:04  Marine  
  31  3:07  Supply Depot  
  31  3:09  Marine x2  
  33  3:15  SCV  
  34  3:20  Factory  
  34  3:21  Marine  
  34  3:22  Marine  
  36  3:27  Marine  
  36  3:33  SCV  
  38  3:34  Marine  
  38  3:36  Refinery  
  38  3:39  Marine  
  38  3:40  Marine  
  41  3:48  Marine  
  42  3:52  Marine  
  42  3:53  SCV  
  44  3:56  Marine  
  45  4:06  Factory Tech Lab  
  45  4:09  SCV  
  46  4:26  Siege Tank  
  46  4:29  Starport  
  45  4:53  Command Center  
  43  5:08  Marine x4  
  39  5:25  Marine  
  39  5:26  Marine x3  
  43  5:43  Marine x2  
  43  5:44  Marine x2  
  39  6:01  Marine x3  
  39  6:02  Marine  
  43  6:19  Marine x4  
  47  6:37  Marine x4  
  47  6:38  Siege Tank  
  44  6:54  SCV  
  44  6:55  Marine x4, SCV  
  48  7:12  Marine x2  
  48  7:13  Marine x2  
  48  7:25  Liberator  
  44  7:30  Marine x3  
  44  7:31  Marine  
  44  7:34  Siege Tank  
  51  7:48  Marine x4  
  55  8:06  Marine x4, Siege Tank  
  62  8:24  Marine x2  
  62  8:25  Marine x2  
  65  8:28  SCV x2  
  65  8:32  Barracks  
  67  8:40  SCV  
  67  8:41  Marine, SCV  
  69  8:44  Engineering Bay  
  70  9:35  Supply Depot  
  70  9:57  Marine x5, Siege Tank  
  70  9:58  Supply Depot  
  78  10:02  Liberator  
  78  10:19  Marine x5  
  86  10:21  Supply Depot  
  85  10:37  Marine x5  
  84  10:55  Marine x5  
Show
View Real Time Build Order
Export as new Build Order

Juxtapose Protoss 

Build Orders:  

Get SALT Encoding   

  12  0:01  Probe  
  13  0:13  Probe  
  14  0:19  Pylon  
  14  0:25  Probe  
  15  0:37  Probe  
  15  0:40  Gateway  
  16  0:50  Probe  
  16  0:52  Assimilator  
  17  1:02  Probe  
  17  1:03  Assimilator  
  18  1:14  Probe, Pylon  
  19  1:26  Probe  
  20  1:35  Cybernetics Core  
  20  1:38  Probe  
  21  1:42  Zealot  
  23  1:50  Probe  
  24  1:54  Pylon  
  24  2:04  Forge  
  24  2:16  Warp Gate (Chrono Boost)  
  24  2:19  Adept  
  26  2:22  Pylon  
  26  2:27  Probe  
  27  2:41  Shield Battery  
  27  2:48  Probe  
  27  2:49  Photon Cannon  
  27  2:51  Protoss Ground Weapons Level 1 (Chrono Boost)  
  28  3:14  Robotics Facility  
  28  3:18  Pylon  
  28  3:28  Stalker  
  30  3:40  Shield Battery  
  30  3:53  Gateway  
  30  3:59  Adept  
  32  4:14  Observer (Chrono Boost)  
  33  4:28  Immortal (Chrono Boost)  
  37  4:43  Photon Cannon  
  37  4:47  Photon Cannon  
  37  4:52  Adept  
  29  5:08  Adept  
  21  5:50  Pylon, Immortal  
  21  5:54  Pylon  
  21  5:55  Probe  
  22  6:07  Probe  
  23  6:12  Zealot  
  25  6:19  Probe (Chrono Boost)  
  24  6:27  Adept  
  24  6:29  Immortal  
  24  6:31  Probe (Chrono Boost)  
  31  6:42  Pylon  
  29  6:48  Photon Cannon  
  29  6:50  Probe  
  26  7:06  Probe  
  25  7:18  Probe  
  26  7:29  Pylon  
  26  7:30  Probe  
  27  7:40  Photon Cannon  
  27  7:42  Probe  
  28  7:54  Probe  
  28  7:55  Sentry  
  31  7:58  Adept  
  33  8:09  Immortal (Chrono Boost)  
  37  8:19  Gateway  
  37  8:26  Pylon  
  37  8:42  Adept  
  37  8:43  Adept  
  37  9:13  Stalker x2  
  39  9:28  Zealot  
  41  9:43  Photon Cannon  
  41  9:46  Zealot  
  41  9:47  Cybernetics Core  
  39  10:00  Immortal (Chrono Boost)  
  43  10:25  Stalker  
  45  10:29  Photon Cannon  
Tags
 
Add a new tag
Caveats
  • Supply blocks, unpowered buildings, or Contaminate may cause inaccurate times.
  • Supply counts are checked every 10 seconds.